 Dungeon Crawl Stone Soup version 0.25.0-11-g1f837a76a1 (webtiles) character file.

Game seed: 16754643145031449831

46 Baz the Slasher (level 3, 0/30 HPs)
             Began as a Barachi Monk on June 24, 2020.
             Succumbed to an adder's poison
             ... on level 2 of the Dungeon.
             The game lasted 00:01:38 (1460 turns).

Baz the Slasher (Barachi Monk)                      Turns: 1460, Time: 00:01:39

Health: 0/30       AC:  6    Str: 13    XL:     3   Next: 66%
Magic:  3/3        EV: 12    Int: 10    God:
Gold:   67         SH:  0    Dex: 14    Spells: 2/2 levels left

rFire    . . .     SeeInvis .   a - +0 falchion
rCold    . . .     Gourm    .   (no shield)
rNeg     . . .     Faith    .   h - +0 ring mail
rPois    .         Spirit   .   (no helmet)
rElec    .         Reflect  .   (no cloak)
rCorr    .         Harm     .   g - +0 pair of gloves (curse)
MR       .....                  (no boots)
Stlth    +.........             (no amulet)
HPRegen  0.10/turn              (no ring)
MPRegen  0.08/turn              (no ring)

@: lethally poisoned (0 -> -5), slow
A: +LOS, swims, slowness 1, strong legs 1
a: Hop


You were on level 2 of the Dungeon.
You were not hungry.

You visited 1 branch of the dungeon, and saw 2 of its levels.

You collected 67 gold pieces.

Inventory:

Hand Weapons
 a - a +0 falchion (weapon)
Armour
 b - a +0 robe
 g - a cursed +0 pair of gloves (worn)
 h - a +0 ring mail (worn)
Jewellery
 l - an uncursed amulet of magic regeneration {unknown}
Scrolls
 d - a scroll of immolation {unknown}
 e - a scroll of magic mapping {unknown}
 f - a scroll of teleportation {unknown}
 i - a scroll of identify {unknown}
Potions
 j - a potion of haste {unknown}
 k - a potion of curing {unknown}
 m - a potion of flight {unknown}
Comestibles
 c - a ration


   Skills:
 + Level 4.1 Fighting
 + Level 4.2 Long Blades
 + Level 1.6 Armour
 + Level 3.8 Dodging
 - Level 1.7 Stealth


You had 2 spell levels left.
You didn't know any spells.
Your spell library was empty.

Dungeon Overview and Level Annotations

Branches:
Dungeon (2/15)

Altars:


Innate Abilities, Weirdness & Mutations

You can be seen from farther away. (+LOS)
You can swim through water.
You cover ground slowly.
You can hop short distances.


Message History

The adder is almost dead.
You closely miss the adder.
The adder is almost dead.
The adder closely misses you. x2
You miss the adder.
The adder is almost dead.
The adder bites you.
* * * LOW HITPOINT WARNING * * *
You are poisoned.
The adder poisons you!
You closely miss the adder.
The adder is almost dead.
* * * LOW HITPOINT WARNING * * *
You feel sick. The adder bites you.
* * * LOW HITPOINT WARNING * * *
The adder bites you.
* * * LOW HITPOINT WARNING * * *
You miss the adder.
The adder is almost dead.
You die...

##.....<.## ##.##.###
#.........####.......#
+.........'......###..
#.........####...# #.#
##.......## ##..###.#
##.....## ##.....#
##...## ##.#### ##'##
#.# #@# #.# #S# #.#
#.# #.# ... #.# .....
#.# .....## #.#
...#.## #.# ##.##.. #.
...


You could see an adder.

Vanquished Creatures
  A gnoll (D:1)
  An adder (D:2)
  A leopard gecko (D:1)
  2 bats (D:1)
  A giant cockroach (D:1)
  2 hobgoblins (D:1)
  A quokka (D:2)
  A ball python (D:2)
  3 frilled lizards (D:1)
  6 goblins (D:1)
  4 kobolds (D:1)
  4 rats (D:1)
27 creatures vanquished.

Notes
Turn   | Place    | Note
-------+----------+-------------------------------------------
     0 | D:1      | Baz the Barachi Monk began the quest for the Orb.
     0 | D:1      | Reached XP level 1. HP: 18/18 MP: 1/1
    79 | D:1      | Reached skill level 1 in Armour
    79 | D:1      | Reached XP level 2. HP: 5/25 MP: 2/2
   787 | D:1      | Reached XP level 3. HP: 17/30 MP: 3/3
  1459 | D:2      | HP: 1/30 [adder (3)]
  1460 | D:2      | Succumbed to an adder's poison

Illustrated notes

Levels and vault maps discovered:
D:1:      wander_arrival_desolate, layout_loops_ring
D:2:      layout_loops_corners, nicolae_overflow_hidden_temple,
          lemuel_crystal_altar, marbit_many_paths,
          chequers_ecumenical_altar_island, hangedman_decor_points

Skill      XL: |  1  2 |
---------------+-------+-----
Armour         | 1 |  1.6
Fighting       | 4 |  4.1
Long Blades    | 4 |  4.2
Dodging        | |  3.8
Stealth        | |  1.7

Action                   || total
-------------------------++-------
Melee: Falchion          ||   105
 Stab: Sleeping          ||     3
  Eat: Chunk             ||     2
Armor: Robe              ||    11
       Ring mail         ||    18
Dodge: Dodged            ||    80
       Rpst.: Falchion   ||    26
